 Dungeon Crawl Stone Soup version 0.28.0-43-g3370ac3207 (webtiles) character file.

Game seed: 437729004805969671

23327 nickcage the Fencer (level 12, 0/112 HPs)
             Began as a Minotaur Abyssal Knight on Mar 22, 2022.
             Was the Champion of Lugonu.
             Shot with an arrow by a centaur warrior (10 damage)
             ... on level 11 of the Dungeon on Mar 24, 2022.
             The game lasted 00:40:35 (10428 turns).

nickcage the Fencer (Minotaur Abyssal Knight)      Turns: 10428, Time: 00:40:36

Health: 0/112      AC: 22    Str: 20    XL:     12   Next: 70%
Magic:  14/14      EV: 11    Int:  7    God:    Lugonu [******]
Gold:   950        SH:  0    Dex: 14    Spells: 11/11 levels left

rFire   . . .      SeeInvis .   a - +2 falchion (vorpal)
rCold   . . .      Faith    .   (no shield)
rNeg    . . .      Spirit   .   c - +0 plate armour
rPois   .          Reflect  .   (helmet restricted)
rElec   .          Harm     .   i - +0 cloak
rCorr   +          Rampage  .   I - +0 pair of gloves
Will    .....                   r - +1 pair of boots
Stlth   ..........              d - amulet of regeneration
HPRegen 1.08/turn               k - +4 ring of evasion
MPRegen 0.14/turn               m - ring of resist corrosion

@: no status effects
A: horns 2, retaliatory headbutt
a: Renounce Religion, Depart the Abyss, Bend Space, Banish, Corrupt, Enter the
Abyss, Brand Weapon With Distortion


You were on level 11 of the Dungeon.
You worshipped Lugonu.
Lugonu was exalted by your worship.
You visited 1 branch of the dungeon, and saw 11 of its levels.
You visited the Abyss 1 time.
You also visited: Sewer, Ossuary and Bailey.

You collected 950 gold pieces.

Inventory:

Hand Weapons
 a - a +2 vorpal falchion (weapon)
 O - the +6 trident "Esieqazi" {flame, rF+ rN+ Str-2}
   (You found it on level 9 of the Dungeon)

   It burns those it strikes, dealing additional fire damage.
   Str:       It affects your strength (-2).
   rF:        It protects you from fire.
   rN:        It protects you from negative energy.
Missiles
 e - 9 javelins
 n - 34 poisoned darts (quivered)
Armour
 c - a +0 plate armour (worn)
 i - a +0 cloak (worn)
 r - a +1 pair of boots (worn)
 I - a +0 pair of gloves (worn)
Jewellery
 d - an amulet of regeneration (around neck)
 k - a +4 ring of evasion (left hand)
 m - a ring of resist corrosion (right hand)
 o - a +6 ring of strength
 q - a ring of protection from cold
 C - an amulet of guardian spirit
 N - an amulet of reflection
 P - a ring of flight
Wands
 u - a wand of polymorph (1)
 D - a wand of flame (24)
 F - a wand of digging (3)
 H - a wand of acid (8)
Scrolls
 f - 5 scrolls of teleportation
 p - a scroll of holy word
 t - a scroll of enchant weapon
 v - a scroll of noise
 A - 2 scrolls of enchant armour
Potions
 g - 4 potions of mutation
 h - 5 potions of heal wounds
 j - 3 potions of might
 l - a potion of invisibility
 s - 6 potions of curing
 x - a potion of brilliance {unknown}
 z - 3 potions of berserk rage
 B - 5 potions of flight
 E - 2 potions of lignification
 G - a potion of resistance
 K - a potion of magic
 L - a potion of attraction {unknown}
Miscellaneous
 b - a box of beasts


   Skills:
 + Level 12.2 Fighting
 - Level 15.1 Long Blades
 - Level 3.6 Throwing
 + Level 13.7 Armour
 - Level 1.1 Dodging
 + Level 4.9 Shields
 - Level 4.5 Invocations


You had 11 spell levels left.
You didn't know any spells.
Your spell library contained the following spells:

 Spells                   Type           Power      Damage    Failure   Level
 Pain                     Necr           0%         1d4       99%         1
 Agony                    Necr           0%         N/A       100%        5
 Excruciating Wounds      Necr           0%         N/A       100%        5


Dungeon Overview and Level Annotations

Branches:
Dungeon (11/15)            Temple (0/1) D:6            Lair (0/6) D:11
    Orc (0/2) D:9           Sewer (visited)         Ossuary (visited)
 Bailey (visited)

Altars:
Ashenzari
Okawaru
Ru
Trog

Shops:
D:4 [*   D:10 (

Annotations:
D:9 exclusion: ice statue


Innate Abilities, Weirdness & Mutations

You have a pair of horns on your head.
You reflexively headbutt those who attack you in melee.


Message History

There is a stone staircase leading up here.
Items here: ( )) [ †.
There is an open door here.
An orc warrior comes into view. It is wielding a +0 long sword.
The orc warrior shouts!
You hear a shout! x5
An orc warrior and a deep elf knight come into view.
The centaur warrior shouts!
You hear a shout! x3
The centaur warrior unwields a +0 dire flail.
The centaur warrior wields a +0 longbow.
The centaur warrior shoots an arrow.
The arrow hits you.
The centaur warrior unwields a +0 dagger of venom.
It stops dripping with poison.
The centaur warrior wields a +0 shortbow.
The centaur warrior shoots an arrow.
The arrow hits you!
The centaur warrior shoots an arrow.
The arrow hits you!
You hear a shout!
The centaur warrior shoots an arrow.
The arrow hits you!!
The centaur warrior shoots an arrow.
The arrow closely misses you.
A centaur warrior comes into view. It is wielding a +0 short sword.
There is an open door, spattered with blood here.
The centaur warrior shoots an arrow.
The arrow completely misses you.
The centaur warrior shoots an arrow.
The arrow hits you!
The centaur warrior shoots an arrow.
The arrow hits you!
The centaur warrior shoots an arrow.
The arrow hits you!
* * * LOW HITPOINT WARNING * * *
The centaur warrior shoots an arrow.
The arrow hits you but does no damage.
The centaur warrior unwields a +0 short sword.
The centaur warrior wields a +0 shortbow.
The centaur warrior shoots an arrow.
The arrow barely misses you.
The centaur warrior shoots an arrow.
The arrow hits you!
* * * LOW HITPOINT WARNING * * *
The centaur warrior shoots an arrow.
The arrow hits you but does no damage.
The centaur warrior shoots an arrow.
The arrow barely misses you.
The centaur warrior shoots an arrow.
The arrow closely misses you.
The centaur warrior shoots an arrow.
The arrow barely misses you.
The centaur warrior shoots an arrow.
The arrow hits you!
* * * LOW HITPOINT WARNING * * *
The centaur warrior shoots an arrow.
The arrow hits you but does no damage.
The centaur warrior shoots an arrow.
The arrow hits you!
You die...

.....# #....#.# ###.## #..###.#
###.### #<.###.# ......# #......#
......# ##.##### ......# #.###
### ......####.#.###.##
(...........#.....#########
.....#######.###@###......#
...### #.###..##......# ...#
#...#.#.#.####.### #.##
#####..###.........# ...#
#.....## ##.####.#.# ...#
#...#..###.......#.# ...#
#...#.#.#....cc..#.#### ...#####
#...#..#.....c..##....#
.......###..>##.#.......(##.##.##


You could see 3 centaur warriors.

Vanquished Creatures
  A hydra (D:10)
  A centaur warrior (D:11)
  3 two-headed ogres
  3 death yaks (D:11)
  A cyclops (D:7)
  A gargoyle (D:9)
  An unseen horror (D:11)
  Psyche (D:10)
  A troll (D:9)
  A hornet (D:9)
  A shadow (D:11)
  6 yaks (D:7)
  A basilisk (D:11)
  3 vampire mosquitoes (D:10)
  2 acid dragons
  A water moccasin (D:8)
  An ice beast (D:7)
  A swamp drake (D:9)
  5 orc warriors
  2 sky beasts
  3 black bears
  7 ogres
  5 centaurs
  5 kobold brigands
  2 bullfrogs (D:8)
  3 scorpions
  3 gnoll sergeants
  A wyvern skeleton (D:5)
  A water moccasin skeleton (D:5)
  5 wights (D:7)
  2 electric eels (D:9)
  11 howler monkeys
  3 bullfrog zombies
  A human zombie (Ossuary)
  5 centaur zombies
  2 centaur skeletons
  9 hounds
  8 orc priests
  Crazy Yiuf (D:5)
  6 gnoll shamans
  2 bullfrog skeletons
  2 iguanas
  12 orc wizards
  Natasha (twice) (D:3)
  A scorpion zombie (D:5)
  2 killer bee zombies
  3 hound zombies (D:5)
  3 hound skeletons
  2 mummies (Ossuary)
  4 adders
  27 gnolls
  A howler monkey skeleton (D:5)
  A shadow imp (D:6)
  A white imp (D:8)
  4 worms
  2 dart slugs
  34 orcs
  6 endoplasms
  A giant cockroach (D:3)
  12 goblins
  8 hobgoblins
  5 jackals
  18 kobolds
  7 quokkas
  9 ball pythons
  8 bats
  2 frilled lizards
  2 gnoll zombies (Ossuary)
  3 goblin zombies (Ossuary)
  2 hobgoblin zombies (Ossuary)
  6 orc zombies (Ossuary)
  6 rats
318 creatures vanquished.

Vanquished Creatures (others)
  An orc (D:9)
  2 plants (D:7)
  A withered plant (D:5)
4 creatures vanquished.

Grand Total: 322 creatures vanquished

Notes
Turn   | Place    | Note
-------+----------+-------------------------------------------
     0 | Abyss:1  | nickcage the Minotaur Abyssal Knight began the quest for
                  | the Orb.
     0 | Abyss:1  | Reached XP level 1. HP: 19/19 MP: 1/1
     0 | D:1      | Escaped the Abyss
    86 | D:1      | Reached skill level 3 in Long Blades
   174 | D:1      | Reached * piety under Lugonu
   177 | D:1      | Reached XP level 2. HP: 20/26 MP: 2/2
   427 | D:1      | Reached skill level 4 in Long Blades
   849 | D:2      | Reached XP level 3. HP: 28/31 MP: 3/3
   892 | D:2      | Found a faded altar of an unknown god.
  1235 | D:3      | Reached ** piety under Lugonu
  1236 | D:3      | Reached skill level 5 in Long Blades
  1422 | D:3      | Reached XP level 4. HP: 35/39 MP: 4/4
  1540 | D:3      | Noticed Natasha
  1545 | D:3      | Killed Natasha
  1828 | D:3      | Noticed Natasha
  1834 | D:3      | Killed Natasha
  1835 | D:3      | Reached skill level 6 in Long Blades
  1835 | D:3      | Reached XP level 5. HP: 45/45 MP: 5/5
  1948 | D:4      | Found Jatz's Antique Armour Boutique.
  1957 | D:4      | Reached skill level 1 in Throwing
  2044 | D:4      | Found Sosmepul's Assorted Antiques.
  2652 | D:5      | Entered Level 5 of the Dungeon
  2684 | D:5      | Found a runed translucent door.
  2685 | D:5      | Noticed Crazy Yiuf
  2691 | D:5      | Killed Crazy Yiuf
  2692 | D:5      | Reached skill level 7 in Long Blades
  2768 | D:5      | Found a glowing drain.
  2779 | Sewer    | Entered a sewer
  2784 | Sewer    | Reached *** piety under Lugonu
  2855 | Sewer    | Reached XP level 6. HP: 51/51 MP: 6/6
  2889 | Sewer    | Found a white marble altar of Elyvilon.
  2958 | D:5      | Reached skill level 8 in Long Blades
  2983 | D:5      | Reached XP level 7. HP: 47/57 MP: 7/7
  2985 | D:5      | Reached skill level 9 in Long Blades
  3044 | D:5      | Reached skill level 10 in Long Blades
  3218 | D:5      | Reached XP level 8. HP: 62/64 MP: 8/8
  3238 | D:5      | Reached skill level 11 in Long Blades
  3668 | D:6      | Found a staircase to the Ecumenical Temple.
  3775 | D:6      | Found a sand-covered staircase.
  3780 | Ossuary  | Entered an ossuary
  3793 | Ossuary  | Reached **** piety under Lugonu
  4050 | D:6      | Reached skill level 12 in Long Blades
  4627 | D:6      | Reached skill level 13 in Long Blades
  5013 | D:7      | Reached XP level 9. HP: 70/70 MP: 9/9
  5032 | D:7      | Reached skill level 14 in Long Blades
  5241 | D:7      | Reached skill level 15 in Long Blades
  5412 | D:7      | Noticed a cyclops
  5441 | D:7      | Killed a cyclops
  5442 | D:7      | Reached skill level 5 in Fighting
  5442 | D:7      | Reached skill level 5 in Armour
  5593 | D:7      | Reached XP level 10. HP: 81/81 MP: 10/10
  5614 | D:7      | Reached ***** piety under Lugonu
  6438 | D:8      | Noticed a two-headed ogre
  6447 | D:8      | Killed a two-headed ogre
  6461 | D:8      | Found a flagged portal.
  6509 | Bailey   | Entered a bailey
  6722 | Bailey   | Noticed an orc knight
  7590 | D:9      | Noticed an ice statue
  8038 | D:9      | Noticed a two-headed ogre
  8053 | D:9      | Killed a two-headed ogre
  8054 | D:9      | Reached XP level 11. HP: 82/97 MP: 11/11
  8135 | D:9      | Reached skill level 10 in Armour
  8204 | D:9      | Identified the +6 trident "Esieqazi" {flame, rF+ rN+ Str-2}
  8416 | D:9      | Found a staircase to the Orcish Mines.
  8423 | D:9      | Reached ****** piety under Lugonu
  8746 | D:10     | Entered Level 10 of the Dungeon
  8771 | D:10     | Noticed Psyche
  8778 | D:10     | Killed Psyche
  8991 | D:10     | Reached skill level 10 in Fighting
  9039 | D:10     | Found Ydei's Weapon Shoppe.
  9104 | D:10     | Found a bloodstained altar of Trog.
  9104 | D:10     | Found a sacrificial altar of Ru.
  9104 | D:10     | Found a broken altar of Ashenzari.
  9173 | D:10     | Reached XP level 12. HP: 110/110 MP: 11/14
  9477 | D:11     | Found an iron altar of Okawaru.
  9478 | D:11     | Noticed a centaur warrior
  9530 | D:11     | Noticed a death yak
  9531 | D:11     | Noticed a death yak
  9535 | D:11     | Noticed a death yak
  9544 | D:11     | Killed a death yak
  9556 | D:11     | Killed a death yak
  9559 | D:11     | Noticed a two-headed ogre
  9569 | D:11     | Killed a death yak
  9592 | D:11     | Identified the +3 halberd of the Realm of Zot {vamp, Int+2}
  9597 | D:11     | Killed a two-headed ogre
  9605 | D:11     | Noticed a centaur warrior
  9655 | D:11     | Found a staircase to the Lair.
  9915 | D:11     | Noticed a four-headed hydra
 10240 | D:11     | Identified the +1 robe "Forget-Me-Not" {+Inv Stlth+}
 10240 | D:11     | Noticed a centaur warrior
 10257 | D:11     | Killed a centaur warrior
 10362 | D:10     | Killed a four-headed hydra
 10412 | D:11     | Noticed a centaur warrior
 10428 | D:11     | Shot with an arrow by a centaur warrior

Illustrated notes

Levels and vault maps discovered:
D:1:      minmay_arrival_hallway, layout_basic, minmay_tiny_reverse_x
D:2:      layout_rooms, shapermc_ecumenical_altar_acropolis, minmay_liquid_box,
          minivault_23
D:3:      layout_basic, chequers_serial_rivers_micro_e, uniq_natasha
D:4:      minmay_wonky_spiral, layout_loops_cross, serial_shops,
          nicolae_diamond_shop, shop
D:5:      layout_basic, serial_undead, serial_undead_f, serial_undead_a,
          serial_undead_e, serial_undead_b, cheibrodos_sewer_entry_sluice,
          uniq_crazy_yiuf_cottage
D:6:      layout_basic, minmay_temple_entry_waves, enter_ossuary_5,
          serial_aquarium, aquarium_bridge_square [aquarium_subvault_bridge,
          aquarium_subvault_wall, aquarium_subvault_bridge,
          aquarium_subvault_bridge], aquarium_window_2,
          aquarium_window_corridor_1, aquarium_view_2d
D:7:      lemuel_castle_with_subvaults [lemuel_castle_interior_carwin_3],
          layout_loops_ring, minivault_23
D:8:      layout_loops_cross, enter_bailey_5, due_unseen_surprise
D:9:      layout_loops_ring, erik_orc_1, kennysheep_cluttered_room,
          minivault_15, glass_columns_a, corner_web_ring, grunt_ogre_cave,
          st_stairs_14
D:10:     layout_rooms, gammafunk_temple_overflow_claw, serial_shops,
          nicolae_shop_bloodbath_and_beyond, uniq_psyche
D:11:     evilmike_iron_armoury, layout_loops_cross, dpeg_lair_monsters

Skill      XL: |  1  2  3  4  5  6  7  8  9 10 11 12 |
---------------+-------------------------------------+-----
Long Blades    | 3 4 5 6 7 8 10 13 15 | 15.1
Throwing       | 1 2 3 |  3.6
Fighting       | 5 9 11 12 | 12.2
Armour         | 5 9 12 13 | 13.7
Shields        | 4 |  4.9
Invocations    | 4 |  4.5
Dodging        | |  1.1

Action                   |  1- 3 |  4- 6 |  7- 9 | 10-12 || total
-------------------------+-------+-------+-------+-------++-------
Melee: Falchion          |    76 |   122 |   275 |   562 ||  1035
       Headbutt          |     7 |    17 |    69 |   104 ||   197
       Punch             |       |     1 |     5 |     9 ||    15
       Trident           |       |       |       |     5 ||     5
Throw: Javelin           |     4 |       |       |       ||     4
       Dart              |     5 |     6 |    13 |    25 ||    49
Invok: Depart the Abyss  |     1 |       |       |       ||     1
  Use: Scroll            |       |     5 |     3 |     9 ||    17
       Potion            |       |       |       |     2 ||     2
 Stab: Confused          |       |       |       |     1 ||     1
Armor: Plate armour      |    43 |    68 |    84 |   271 ||   466
       Skin              |       |       |       |    12 ||    12
Dodge: Dodged            |    34 |    75 |    91 |   235 ||   435
